 Dungeon Crawl Stone Soup version 0.21.1-1-g345015f (webtiles) character file.

62 sking99 the Ruffian (level 3, -1/36 HPs)
             Began as a Troll Monk on June 23, 2018.
             Slain by Sigmund
             ... wielding a +0 scythe
              (10 damage)
             ... on level 2 of the Dungeon.
             The game lasted 00:01:58 (870 turns).

sking99 the Ruffian (Troll Monk)                     Turns: 870, Time: 00:01:59

Health: -1/36      AC:  5    Str: 19    XL:     3   Next: 85%
Magic:  2/2        EV: 11    Int:  6    God:
Gold:   69         SH:  0    Dex: 13    Spells: 2/2 levels left

rFire    . . .     SeeInvis .     - Unarmed
rCold    . . .     Gourm    +   (no shield)
rNeg     . . .     Faith    .   a - +0 robe
rPois    .         Spirit   .   (helmet restricted)
rElec    .         Reflect  .   (no cloak)
rCorr    .         Harm     .   (gloves unavailable)
MR       .....                  (boots unavailable)
Stlth    ++........             c - amulet of regeneration
HPRegen  0.52/turn              (no ring)
MPRegen  0.08/turn              (no ring)

@: no status effects
A: large, unfitting armour, claws 3, fast metabolism 3, gourmand, regeneration
1, shaggy fur 1, tough skin 2
a: no special abilities


You were on level 2 of the Dungeon.
You were not hungry.

You visited 1 branch of the dungeon, and saw 2 of its levels.

You collected 69 gold pieces.

Inventory:

Armour
 a - a +0 robe (worn)
Jewellery
 c - an amulet of regeneration (around neck)
 d - an uncursed ring of positive energy {unknown}
 g - an uncursed ring of positive energy {unknown}
Scrolls
 f - 2 scrolls of identify
Comestibles
 b - 3 rations


   Skills:
 + Level 2.9 Fighting
 + Level 2.8 Dodging
 - Level 1.0 Stealth
 * Level 4.0 Unarmed Combat


You had 2 spell levels left.
You didn't know any spells.

Dungeon Overview and Level Annotations

Branches:
Dungeon (2/15)

Altars:

Annotations:
D:2 Sigmund


Innate Abilities, Weirdness & Mutations

You are too large for most types of armour.
You have claws for hands.
Your metabolism is lightning-fast.
You like to eat raw meat.
Your natural rate of healing is unusually fast.
You are covered in fur. (AC +1)
You have very tough skin. (AC +2)


Message History

You scratch something. Something hits you!
You claw something! Something hits you!
You miss something.
You aren't carrying any potions.
As you read the scroll labeled FASIKA PITE, it crumbles to dust.
You feel aware of your surroundings.
It was a scroll of magic mapping.
Something hits you but does no damage.
As you read the scroll labeled ZUYSE LEXKEIT, it crumbles to dust.
It is a scroll of identify.
c - an uncursed amulet of regeneration Put on which piece of jewellery? (? for menu, Esc to quit)
You sense that the amulet cannot attune itself to your injured body.
c - an amulet of regeneration (around neck)
Something hits you!
* * * LOW HITPOINT WARNING * * *
You scratch something but do no damage. You miss something. Something hits you.
* * * LOW HITPOINT WARNING * * *
You miss something. Something hits you!
You die...

*,,,***,,,,,,.........*,,,,,,,,
***,***,,,*#..,,%......,...,,,,,,
*,,,,,,,***#..,,.......,...,,,,**
*,*,*******#...,$.....,....***,,,
*,*,***,,,,,...*#...$...>..,,,,,,
*,,,,,,,**##,#.##..#.#.....,,,,,,
***,*****##..#.....#.....#*,,,,,,
*,,* #........##.?...#*,,,,,,
*,******#.....#@{<†.#,*,***,>,,,
**,,,,,,,.........##...#,,,,,*,,,
,,,,,,,,,......##.#*.###,,,,,,,**
,,,,,,,,,.........#,.#*,,,****,**
,,,,,,,,,......>...,..,,,,,,,,,,,
,,,,,,,,,!.......##...,,,,****,**
,,,,,,,,,........,,....,,>****,,,
,,<,,,,,,........,**...,,,,,,,,,,
,,,,,,,,,,......$,,,...,,,,,,,**,


There were no monsters in sight!

Vanquished Creatures
  A crimson imp (D:1)
  An adder (D:2)
  A leopard gecko (D:1)
  3 bats (D:1)
  3 giant cockroaches
  3 hobgoblins (D:1)
  A frilled lizard (D:1)
  3 goblins (D:1)
  2 kobolds (D:1)
  2 rats (D:1)
20 creatures vanquished.

Notes
Turn   | Place    | Note
-------+----------+-------------------------------------------
     0 | D:1      | sking99 the Troll Monk began the quest for the Orb.
     0 | D:1      | Reached XP level 1. HP: 22/22 MP: 0/0
   228 | D:1      | Reached XP level 2. HP: 28/29 MP: 1/1
   818 | D:2      | Noticed a crimson imp
   819 | D:2      | Noticed Sigmund
   842 | D:1      | Killed a crimson imp
   842 | D:1      | Reached skill level 4 in Unarmed Combat
   842 | D:1      | Reached XP level 3. HP: 32/36 MP: 2/2
   870 | D:2      | Slain by Sigmund

Skill      XL: |  1  2 |
---------------+-------+-----
Unarmed Combat | 4 |  4.0
Fighting       | |  2.9
Dodging        | |  2.8
Stealth        | |  1.0

Action                   || total
-------------------------++-------
Melee: Unarmed           ||    50
  Use: Scroll            ||     2
 Stab: Sleeping          ||     3
  Eat: Chunk             ||     8
Armor: Robe              ||    26
Dodge: Dodged            ||    26
